 Dungeon Crawl Stone Soup version 0.20-a0-351-gc9b4002 (webtiles) character file.

106 Ijustatesigmund the Chopper (level 4, 0/41 HPs)
             Began as a Hill Orc Monk on Dec 26, 2016.
             Was a Believer of Okawaru.
             Slain by a worker ant (4 damage)
             ... on level 4 of the Dungeon.
             The game lasted 00:05:37 (2196 turns).

Ijustatesigmund the Chopper (Hill Orc Monk)         Turns: 2196, Time: 00:05:38

Health: 0/41       AC:  8    Str: 12 (14) XL:     4   Next: 84%
Magic:  3/4        EV:  5    Int:  8 (10) God:    Okawaru [**....]
Gold:   83         SH:  0    Dex: 12 (13) Spells: 3/3 levels left

rFire  . . .     SeeInvis +     a - +0 hand axe
rCold  . . .     Gourm    .     s - +0 chain mail {MR+}
rNeg   . . .     Faith    .     (no shield)
rPois  .         Spirit   .     (no helmet)
rElec  .         Reflect  .     (no cloak)
rCorr  .         Harm     .     (no gloves)
MR     +....                    (no boots)
Stlth  ..........               o - amulet of inaccuracy (curse)
                                r - ring of stealth
                                q - ring of see invisible

@: lethally poisoned (0 -> -5)
A: no striking features
a: Heroism, Renounce Religion


You were on level 4 of the Dungeon.
You worshipped Okawaru.
Okawaru was pleased with you.
You were not hungry.

You visited 1 branch of the dungeon, and saw 4 of its levels.

You collected 83 gold pieces.

Inventory:

Hand Weapons
 a - a +0 hand axe (weapon)
Armour
 s - a +0 chain mail of magic resistance (worn)
Jewellery
 o - a cursed amulet of inaccuracy (around neck)
 q - a ring of see invisible (left hand)
 r - a ring of stealth (right hand)
Wands
 p - a wand of enslavement (10/24)
Scrolls
 e - 2 scrolls of immolation
 l - 2 scrolls of teleportation
 n - a scroll of fog
Potions
 h - 2 potions of flight
 j - a potion of beneficial mutation {unknown}
 m - a potion of mutation {unknown}
Comestibles
 c - 2 bread rations
 f - 3 fruits
 g - 5 meat rations


   Skills:
 + Level 4.4 Fighting
 * Level 6.5 Axes
 - Level 2.4 Dodging
 - Level 1.5 Stealth


You had 3 spell levels left.
You didn't know any spells.

Dungeon Overview and Level Annotations

Branches:
Dungeon (4/15)
 Temple: D:4-7

Altars:
Okawaru

Annotations:
D:2 Terence


Message History

The worker ant is almost dead.
The worker ant bites you but does no damage.
You hit the worker ant but do no damage.
The worker ant is almost dead.
The worker ant bites you.
* * * LOW HITPOINT WARNING * * *
You are lethally poisoned!
The worker ant poisons you!
You closely miss the worker ant.
The worker ant is almost dead.
You feel like a meek peon again.
* * * LOW HITPOINT WARNING * * *
You feel sick.
The worker ant bites you but does no damage.
It was a potion of degeneration.
There was something very wrong with that liquid.
You feel weakened.
You feel dopey.
You feel clumsy.
* * * LOW HITPOINT WARNING * * *
You feel sick. The worker ant bites you.
You die...

## .. #.# #.#.. #
.. .... # #.
#.#.#.#.#.# ...
...?...[.##
...#.#.#.#.#.#?##
.......a.......>#
.#.#.#@#.#.#.#.#
#..............
#.#.#.#.#.#.#..#
#............#
#..#.#.#.#.#.#
.............##
##..(#.#.#.#.#
#.##.... ...# .
###.# ##.#


You could see a worker ant.

Vanquished Creatures
  5 adders
  An ooze (D:1)
  3 worms
  7 orcs
  3 giant cockroaches
  3 hobgoblins
  3 jackals
  A quokka (D:2)
  6 bats
  2 frilled lizards
  3 goblins
  5 kobolds
  4 rats
46 creatures vanquished.

Notes
Turn   | Place    | Note
-------+----------+-------------------------------------------
     0 | D:1      | Ijustatesigmund the Hill Orc Monk began the quest for the Orb.
     0 | D:1      | Reached XP level 1. HP: 19/19 MP: 1/1
    87 | D:1      | Found an iron altar of Okawaru.
   105 | D:1      | Became a worshipper of Warmaster Okawaru
   105 | D:1      | Reached * piety under Okawaru
   105 | D:1      | Reached ** piety under Okawaru
   221 | D:1      | Reached XP level 2. HP: 24/27 MP: 2/2
   762 | D:2      | Noticed Terence
   865 | D:1      | You fall through a shaft!
   872 | D:2      | Reached skill level 5 in Axes
   873 | D:2      | Reached XP level 3. HP: 33/33 MP: 3/3
  1174 | D:2      | Reached XP level 4. HP: 33/40 MP: 4/4
  1350 | D:3      | Reached skill level 6 in Axes
  2196 | D:4      | Slain by a worker ant

Vault maps used:
D:1:      dpeg_arrival_short_road, okawaru_ov_weapons_minmay
D:2:      uniq_terence
D:4:      first_bread, hex_medium, makhleb_blood_cavern_becter

Skill      XL: |  1  2  3  4 |
---------------+-------------+-----
Fighting       | 4 |  4.4
Axes           | 5 6 |  6.5
Dodging        | |  2.4
Stealth        | |  1.5

Action                   |  1- 3 |  4- 6 || total
-------------------------+-------+-------++-------
Melee: Hand axe          |   116 |   100 ||   216
Invok: Heroism           |       |     1 ||     1
  Use: Scroll            |     7 |     3 ||    10
       Potion            |       |     2 ||     2
 Stab: Sleeping          |     1 |     2 ||     3
  Eat: Chunk             |     1 |     1 ||     2
       Fruit             |       |     1 ||     1
       Pizza             |       |     1 ||     1
Armor: Robe              |     4 |       ||     4
       Leather armour    |    31 |     7 ||    38
       Chain mail        |       |    28 ||    28
Dodge: Dodged            |   115 |    34 ||   149
